 Dungeon Crawl Stone Soup version 0.32-a0-872-g59262bdc9b (webtiles) character file.

Game seed: 5191724868708830217

53 Adrian566 the Sneak (level 3, 0/24 HPs)
             Began as an Octopode Brigand on Mar 30, 2024.
             Slain by Pargi (2 damage)
             ... on level 3 of the Dungeon.
             The game lasted 00:00:51 (1856 turns).

Adrian566 the Sneak (Octopode Brigand)              Turns: 1856, Time: 00:00:52

Health: 0/24       AC:  1    Str:  9 (10) XL:     3   Next: 89%
Magic:  3/3        EV: 11    Int: 11 (13) God:
Gold:   156        SH:  0    Dex: 14 (15) Spells: 2/2 levels left

rFire   . . .        i - +2 short sword (speed)
rCold   . . .        (no shield)
rNeg    . . .        (helmet restricted)
rPois   .            (no amulet)
rElec   .            (no ring)
rCorr   .            (no ring)
SInv    .            (no ring)
Will    .....        (no ring)
Stlth   +++++        (no ring)
HPRegen 0.24/turn    (no ring)
MPRegen 0.08/turn    (no ring)
                     (no ring)

%: no passive effects
@: no status effects
A: almost no armour, amphibious, 8 rings, camouflage 1, gelatinous body 1,
(nimble swimmer 1), tentacles
a: no special abilities


You were on level 3 of the Dungeon.
You visited 1 branch of the dungeon, and saw 3 of its levels.

You collected 156 gold pieces.

Inventory:

Hand Weapons
 a - a +2 dagger
 i - a +2 short sword of speed (weapon)
Missiles
 b - 9 poisoned darts (quivered)
 c - 3 curare-tipped darts
Scrolls
 d - 3 scrolls of identify {unknown}
 f - a scroll of poison {unknown}
 h - a scroll of teleportation {unknown}


   Skills:
 + Level 2.0 Fighting
 + Level 2.2 Short Blades
 + Level 2.0 Throwing
 + Level 1.0 Dodging
 * Level 7.2 Stealth


You had 2 spell levels left.
You didn't know any spells.
Your spell library was empty.

Dungeon Overview and Level Annotations

Branches:
Dungeon (3/15)

Altars:
Ashenzari

Annotations:
D:3 Pargi


Innate Abilities, Weirdness & Mutations

You cannot wear most types of armour.
You are amphibious.
You can wear up to eight rings at the same time.
Your skin changes colour to match your surroundings (Stealth+).
Your rubbery body absorbs attacks. (AC +1, EV +1)
((You are camouflaged when in or above water. (Stealth+)))
You have tentacles for arms and can constrict up to eight enemies at once.


Message History

Pargi the Meek comes into view.
Pargi is nearby!
The helpless Pargi fails to defend himself.
You impale Pargi!! You squeeze Pargi.
Pargi is severely wounded.
You hit Pargi.
Pargi is severely wounded.
Pargi bites you. Pargi misses you. Pargi claws you.
You barely miss Pargi.
Pargi is severely wounded.
You hit Pargi.
Pargi is almost dead.
Pargi pleads, "Don't hit me!"
Pargi bites you! Pargi claws you. x2
* * * LOW HITPOINT WARNING * * *
You are too injured to fight recklessly!
You are too injured to fight recklessly!
You are too injured to fight recklessly!
You are too injured to fight recklessly!
You are too injured to fight recklessly!
You are too injured to fight recklessly!
You are too injured to fight recklessly!
You are too injured to fight recklessly!
You are too injured to fight recklessly!
You are too injured to fight recklessly!
You are too injured to fight recklessly!
You are too injured to fight recklessly!
You are too injured to fight recklessly!
You are too injured to fight recklessly!
You are too injured to fight recklessly!
Unknown command.
It was a potion of curing.
You feel better. Pargi bites you. Pargi claws you but does no damage.
Pargi misses you.
It was a potion of degeneration.
There was something very wrong with that liquid.
You feel weakened.
You feel dopey.
You feel clumsy. Pargi bites you.
* * * LOW HITPOINT WARNING * * *
Pargi claws you.
You die...

#.......####.##
#..####..# ...
.. ##.# #### .
#.# #.## #..##
##..## ##..#
##@# #T# #.#
... #.. ....
.### .


You could see Pargi.

Vanquished Creatures
  2 adders (D:2)
  A ribbon worm (D:2)
  5 endoplasms
  3 goblins
  4 hobgoblins (D:2)
  4 jackals
  A quokka (D:2)
  3 frilled lizards
  5 kobolds
  2 rats
30 creatures vanquished.

Notes
Turn   | Place    | Note
-------+----------+-------------------------------------------
     0 | D:1      | Adrian566 the Octopode Brigand began the quest for the Orb.
     0 | D:1      | Reached XP level 1. HP: 14/14 MP: 1/1
   424 | D:1      | Reached XP level 2. HP: 16/19 MP: 2/2
   448 | D:1      | Reached skill level 6 in Stealth
   988 | D:2      | Found a broken altar of Ashenzari.
  1194 | D:2      | Reached XP level 3. HP: 16/24 MP: 3/3
  1371 | D:2      | Reached skill level 7 in Stealth
  1845 | D:3      | Noticed Pargi
  1856 | D:3      | Slain by Pargi

Illustrated notes

Levels and vault maps discovered:
D:1:      wander_arrival_chamber, layout_rooms, serial_co_window_serial,
          co_window_paths_a, co_window_paths_b, co_window_paths_b,
          co_window_corner_a, co_window_paths_a, co_window_broadway_a,
          co_window_broadway_a, co_window_of_opportunity_c,
          co_window_unsneaky_path_d, co_window_broadway_b, co_window_corner_ca,
          co_window_corner_b, glass_columns_c, reono_crystal_passage,
          grunt_decor_resistance
D:2:      layout_basic, basic_altar, minivault_26
D:3:      layout_rooms, gammafunk_temple_overflow_wave,
          dreamdust_ecumenical_altar_hidden_monk_grotto, uniq_grinder,
          uniq_pargi

Skill      XL: |  1  2  3 |
---------------+----------+-----
Stealth        | 6 7 |  7.2
Fighting       | |  2.0
Short Blades   | |  2.2
Throwing       | |  2.0
Dodging        | |  1.0

Action                     || total
---------------------------++-------
  Melee: Dagger            ||    41
         Constrict         ||    12
         Tentacles         ||     8
         Short sword       ||     8
    Use: Potion            ||     2
   Stab: Sleeping          ||    15
 Armour: Skin              ||    22
  Dodge: Dodged            ||    14

Table legend: (Time is in decaauts)
 A = Elapsed time spent in this place.
 B = Non-inter-level travel time spent in this place.
 C = Inter-level travel time spent in this place.
 D = Time resting spent in this place.
 E = Time spent auto-exploring this place.
 F = Levels seen in this place.
 G = Mean time per level.
                   A        B        C        D        E       F      G
               +--------+--------+--------+--------+--------+-----+--------+
         Total |   1847 |   1813 |     34 |      0 |   1598 |   3 |  615.7 |
       Dungeon |   1847 |   1813 |     34 |      0 |   1598 |   3 |  615.7 |
               +--------+--------+--------+--------+--------+-----+--------+

Top non-repeatable levels by time:
     D:1: 927 daAuts
     D:2: 900 daAuts
     D:3: 19 daAuts
